 Dungeon Crawl Stone Soup version 0.30-a0-135-g630cfc4551 (webtiles) character file.

Game seed: 12895555152276280200

32144 scionoferis the Executioner (level 14, 0/121 HPs)
             Began as a Meteoran Gladiator on Sept 20, 2022.
             Was a Priest of Qazlal.
             Slain by a lindwurm (6 damage)
             ... on level 5 of the Lair of Beasts.
             The game lasted 01:00:06 (6324 turns).

scionoferis the Executioner (Meteoran Gladiator)    Turns: 6324, Time: 01:00:08

Health: 0/121      AC: 19    Str: 19    XL:     14   Next: 33%
Magic:  21/21      EV: 12    Int: 10    God:    Qazlal [***...]
Gold:   732        SH: 10    Dex: 20    Spells: 13/13 levels left

rFire   . . .      SeeInvis .    a - +2 broad axe (drain)
rCold   . . .      Faith    .    D - +0 buckler
rNeg    . . .      Spirit   .    m - +0 plate armour
rPois   .          Reflect  .    c - +0 helmet
rElec   .          Harm     .    R - scarf {repulsion}
rCorr   .          Rampage  .    v - +2 pair of gloves
Will    ++...                    (no boots)
Stlth   ..........               (no amulet)
HPRegen 0.30/turn                E - ring of willpower
MPRegen 0.17/turn                I - +4 ring of evasion

@: glowing, repel missiles
A: sense surroundings 2, otherworldly, glowing, explore regen, agile 1
a: Renounce Religion, Upheaval, Elemental Force


You were on level 5 of the Lair of Beasts.
You worshipped Qazlal.
Qazlal was most pleased with you.
You visited 3 branches of the dungeon, and saw 14 of its levels.
You also visited: Sewer.

You collected 732 gold pieces.

Inventory:

Hand Weapons
 a - a +2 broad axe of draining (weapon)
 b - a +0 vampiric war axe
 s - a +0 sling
 K - a +1 hand axe of flaming
 M - the +4 broad axe of Zuejiva {antimagic, rF+ Int+3}
   (You found it on level 8 of the Dungeon)

   It reduces the magical energy of the wielder, and disrupts the spells and
   magical abilities of those it strikes.
   Natural abilities and divine invocations are not affected.
   Int:       It affects your intelligence (+3).
   rF:        It protects you from fire.
 O - the +9 shortbow of Tartarus {flame, Fragile Str+3 Int+6}
   (You found it on level 8 of the Dungeon)

   Any ammunition fired from it burns those it strikes, dealing additional fire
   damage.
   Str:       It affects your strength (+3).
   Int:       It affects your intelligence (+6).
   Fragile:   It will be destroyed if unequipped.
Missiles
 d - 4 throwing nets
 e - a javelin
 z - 32 poisoned darts
 B - 5 boomerangs (quivered)
Armour
 c - a +0 helmet (worn)
 m - a +0 plate armour (worn)
 v - a +2 pair of gloves (worn)
 y - a scarf of shadows
 A - a +1 robe of cold resistance
 D - a +0 buckler (worn)
 Q - +0 fire dragon scales
 R - a scarf of repulsion (worn)
Jewellery
 x - a ring of wizardry
 E - a ring of willpower (left hand)
 F - a ring of see invisible
 I - a +4 ring of evasion (right hand)
 J - a ring of fire
Wands
 u - a wand of digging (1)
 L - a wand of roots (4)
Scrolls
 f - a scroll of magic mapping
 g - 4 scrolls of immolation
 i - 2 scrolls of vulnerability
 j - 4 scrolls of identify
 k - a scroll of enchant armour
 n - a scroll of poison
 o - 6 scrolls of teleportation
 p - 3 scrolls of butterflies
 C - 2 scrolls of amnesia
 P - a scroll of torment
 S - a scroll of summoning
Potions
 h - a potion of ambrosia
 l - 2 potions of attraction
 q - 2 potions of lignification
 r - 6 potions of curing
 t - a potion of heal wounds
 w - 3 potions of mutation
 G - 2 potions of might
 H - a potion of flight
 N - a potion of cancellation


   Skills:
 - Level 10.0 Fighting
 * Level 21.0 Axes
 - Level 2.4 Throwing
 - Level 10.0 Armour
 - Level 3.6 Dodging
 - Level 5.0 Shields
 - Level 8.0 Invocations


You had 13 spell levels left.
You didn't know any spells.
Your spell library contained the following spells:

 Spells                   Type           Power      Damage    Failure   Level
 Magic Dart               Conj           0%         1d3       100%        1
 Necrotise                Necr           0%         1d4       100%        1
 Shock                    Conj/Air       0%         1d3       100%        1
 Call Imp                 Summ           0%         N/A       100%        2
 Cigotuvi's Dreadful Rot  Necr/Pois/Air  0%         N/A       100%        2
 Ensorcelled Hibernation  Hex/Ice        0%         N/A       100%        2
 Poisonous Vapours        Pois/Air       0%         N/A       100%        2
 Mephitic Cloud           Conj/Pois/Air  0%         N/A       100%        3
 Spider Form              Tmut/Pois      0%         N/A       100%        3
 Swiftness                Air            0%         N/A       100%        3
 Vampiric Draining        Necr           0%         2d6       100%        3
 Airstrike                Air            0%         2d(0-16)  100%        4
 Anguish                  Hex/Necr       0%         N/A       100%        4
 Animate Dead             Necr           0%         N/A       100%        4
 Agony                    Necr           0%         N/A       100%        5
 Fireball                 Conj/Fire      0%         3d3       100%        5
 Starburst                Conj/Fire      0%         6d3       100%        6
 Haunt                    Necr/Summ      0%         N/A       100%        7
 Ignition                 Fire           0%         3d3       100%        8
 Infestation              Necr           0%         N/A       100%        8


Dungeon Overview and Level Annotations

Branches:
Dungeon (8/15) Zot: 1127   Temple (1/1) D:4 Zot: 417    Lair (5/5) D:8 Zot: 911
 Shoals (0/4) Lair:3        Snake (0/4) Lair:2        Slime (0/5) Lair:4
  Sewer (visited)

Altars:
Ashenzari
Dithmenos
Elyvilon
Fedhas
Gozag
Hepliaklqana
Kikubaaqudgha
Makhleb
Nemelex Xobeh
Okawaru
Qazlal
Ru
Sif Muna
Trog
Vehumet
Wu Jian
Xom
Zin
The Shining One
Jiyva

Annotations:
Lair:4 1 runed translucent door, Nessos, Rupert
Lair:5 2 runed translucent doors


Innate Abilities, Weirdness & Mutations

You passively map the area around you.
You are easily found by Zot.
You glow in the dark.
You regain HP and MP as you explore.
You are agile. (Dex +4, Str/Int -1)


Message History

You slash the wyvern!
You kill the wyvern!
Qazlal accepts your kill. The lindwurm breathes flames at you.
The blast of flame hits you!!
You hear an angry hiss.
You hear an angry hiss. x2
A wyvern comes into view.
The wyvern hisses menacingly.
The lindwurm breathes flames at you. The blast of flame hits you!
You barely miss the lindwurm.
The lindwurm is engulfed in blazing flames.
The lindwurm closely misses you. You block the lindwurm's attack.
The lindwurm misses you.
You barely miss the lindwurm.
The lindwurm is moderately wounded.
The lindwurm is engulfed in blazing flames.
The lindwurm breathes flames at you. The blast of flame hits you!
You barely miss the lindwurm.
The lindwurm is heavily wounded.
You barely miss the lindwurm.
The lindwurm is heavily wounded.
You hear an angry hiss.
The lindwurm is engulfed in blazing flames.
The lindwurm barely misses you.
The lindwurm claws you but does no damage. x2
You hit the lindwurm. You drain the lindwurm.
The lindwurm is severely wounded.
The lindwurm breathes flames at you. The blast of flame hits you!!!
* * * LOW HITPOINT WARNING * * *
You hit the lindwurm but do no damage.
The lindwurm is severely wounded.
The lindwurm bites you but does no damage.
The lindwurm claws you.
* * * LOW HITPOINT WARNING * * *
The lindwurm claws you.
You die...

....#.#.................P........
.................................
.................................
.........#.......................
........##.......................
........PP...............P.......
.................................
.........###.(^..§##.............
.###....#* ####k@######..........
## ####* ##l### ,*##......... #
##l## *, #......... * ~#D#8#
##........ #≈≈≈≈.#.##* #........
*~ ≈§≈≈#.#8†k......, ##....P.. #§
≈.###.lD..... ###..... ~ *≈≈§
#........ , ##..## #≈§ ~
........., ##.†#


You could see a lindwurm (catching breath, drained), a komodo dragon, a steam
dragon and a wyvern.

Vanquished Creatures
  Gastronok (Lair:3)
  A boulder beetle (Lair:5)
  A catoblepas (Lair:5)
  3 death yaks
  A wolf spider (Lair:5)
  18 elephants
  A merfolk siren (Lair:3)
  4 black mambas
  2 torpor snails
  Maggie (D:6)
  A molten gargoyle (Lair:5)
  7 cane toads
  3 rime drakes
  6 komodo dragons
  A troll (D:5)
  3 polar bears
  Prince Ribbit (D:7)
  Grinder (D:4)
  7 blink frogs (Lair:5)
  8 dream sheep
  7 spriggans
  4 wyverns
  16 yaks
  3 basilisks
  4 nagas (Lair:2)
  12 water moccasins
  A sky beast (D:7)
  4 black bears
  6 orc warriors
  9 wolves
  2 centaurs (D:8)
  2 phantoms (D:5)
  3 kobold brigands
  A gnoll sergeant (D:8)
  10 bullfrogs
  3 necrophages
  6 scorpions
  A killer bee (D:5)
  A howler monkey (D:4)
  An electric eel (Lair:1)
  4 hounds
  6 orc priests
  A gnoll bouda (D:7)
  A jelly (D:5)
  6 iguanas
  10 orc wizards
  3 gnolls (D:8)
  5 adders
  3 river rats (Sewer)
  2 shadow imps (D:6)
  2 white imps (D:5)
  2 ufetubi
  3 adder zombies (D:2)
  An adder skeleton (D:2)
  7 worms
  A dart slug (D:4)
  29 orcs
  6 bats
  6 endoplasms
  7 giant cockroaches
  10 goblins
  4 hobgoblins
  17 kobolds
  7 quokkas
  8 ball pythons
  2 ball python skeletons (D:2)
  A ball python zombie (D:2)
  3 frilled lizards
  9 rats
333 creatures vanquished.

Vanquished Creatures (others)
  17 fungi
  46 plants
  4 withered plants (D:2)
67 creatures vanquished.

Grand Total: 400 creatures vanquished

Notes
Turn   | Place    | Note
-------+----------+-------------------------------------------
     0 | D:1      | scionoferis the Meteoran Gladiator began the quest for the
                  | Orb.
     0 | D:1      | Reached XP level 1. HP: 17/17 MP: 2/2
    85 | D:1      | Reached skill level 4 in Axes
    85 | D:1      | Reached XP level 2. HP: 19/25 MP: 3/3
   267 | D:1      | Reached XP level 3. HP: 26/30 MP: 4/4
   535 | D:2      | Reached skill level 1 in Armour
   535 | D:2      | Reached XP level 4. HP: 25/37 MP: 5/5
   647 | D:2      | Reached skill level 5 in Axes
   814 | D:2      | You fall into a shaft and drop 1 floor!
   929 | D:3      | Noticed a scorpion
   939 | D:3      | Killed a scorpion
   940 | D:3      | Reached XP level 5. HP: 45/45 MP: 6/6
  1019 | D:3      | Found a glowing drain.
  1028 | Sewer    | Entered a sewer
  1093 | Sewer    | Reached XP level 6. HP: 35/51 MP: 7/7
  1118 | Sewer    | Reached skill level 6 in Axes
  1346 | Sewer    | Gained mutation: You are agile. (Dex +4, Str/Int -1)
                  | [potion of mutation]
  1356 | Sewer    | Reached XP level 7. HP: 59/59 MP: 8/8
  1564 | D:4      | Found a staircase to the Ecumenical Temple.
  1576 | Temple   | Entered the Ecumenical Temple
  1818 | D:4      | Noticed Grinder
  1843 | D:4      | Killed Grinder
  1844 | D:4      | Reached skill level 7 in Axes
  1846 | D:4      | Reached XP level 8. HP: 63/67 MP: 9/9
  2039 | D:4      | Reached skill level 8 in Axes
  2099 | D:4      | Reached skill level 5 in Fighting
  2099 | D:4      | Reached skill level 1 in Shields
  2203 | D:5      | Entered Level 5 of the Dungeon
  2327 | D:5      | Reached skill level 5 in Armour
  2438 | D:5      | Reached skill level 9 in Axes
  2438 | D:5      | Gained mutation: You passively map the area around you.
                  | [Meteoran growth]
  2438 | D:5      | Reached XP level 9. HP: 65/74 MP: 10/10
  2535 | D:5      | Noticed a troll
  2569 | D:5      | Killed a troll
  2643 | D:5      | Reached skill level 10 in Axes
  3139 | D:6      | Noticed Maggie
  3152 | D:6      | Killed Maggie
  3153 | D:6      | Reached XP level 10. HP: 58/84 MP: 11/11
  3183 | D:6      | Reached skill level 5 in Shields
  3290 | D:7      | Found a stormy altar of Qazlal.
  3297 | D:7      | Became a worshipper of Qazlal Stormbringer
  3355 | D:7      | Reached skill level 11 in Axes
  3357 | D:7      | Reached skill level 1 in Invocations
  3555 | D:7      | Noticed Prince Ribbit
  3564 | D:7      | Killed Prince Ribbit
  3650 | D:8      | Reached * piety under Qazlal
  3657 | D:8      | Found a staircase to the Lair.
  3668 | D:8      | Identified the +4 broad axe of Zuejiva {antimagic, rF+
                  | Int+3}
  3694 | D:8      | Reached skill level 12 in Axes
  4043 | D:8      | Identified the +9 shortbow of Tartarus {flame, Fragile
                  | Str+3 Int+6}
  4060 | D:8      | Found a glowing silver altar of Zin.
  4073 | D:8      | Reached XP level 11. HP: 94/94 MP: 15/15
  4152 | Lair:1   | Entered Level 1 of the Lair of Beasts
  4216 | Lair:1   | Reached ** piety under Qazlal
  4428 | Lair:1   | Noticed an elephant
  4430 | Lair:1   | Noticed an elephant
  4433 | Lair:1   | Noticed an elephant
  4435 | Lair:1   | Noticed an elephant
  4438 | Lair:1   | Noticed an elephant
  4445 | Lair:1   | Killed an elephant
  4446 | Lair:1   | Reached skill level 5 in Invocations
  4451 | Lair:1   | Killed an elephant
  4452 | Lair:1   | Reached skill level 13 in Axes
  4457 | Lair:1   | Killed an elephant
  4464 | Lair:1   | Killed an elephant
  4466 | Lair:1   | Killed an elephant
  4772 | Lair:2   | Reached skill level 14 in Axes
  4774 | Lair:2   | Reached XP level 12. HP: 99/104 MP: 18/18
  4883 | Lair:2   | Found a staircase to the Snake Pit.
  4965 | Lair:3   | Noticed Gastronok
  4975 | Lair:2   | Reached *** piety under Qazlal
  4976 | Lair:2   | Reached skill level 10 in Armour
  5059 | Lair:3   | Killed Gastronok
  5060 | Lair:3   | Reached skill level 15 in Axes
  5062 | Lair:3   | Reached skill level 10 in Fighting
  5080 | Lair:3   | Noticed a death yak
  5085 | Lair:3   | Noticed a death yak
  5090 | Lair:3   | Killed a death yak
  5103 | Lair:3   | Killed a death yak
  5238 | Lair:3   | Reached skill level 16 in Axes
  5370 | Lair:3   | Found a staircase to the Shoals.
  5434 | Lair:3   | Reached XP level 13. HP: 113/113 MP: 20/20
  5484 | Lair:4   | Reached skill level 17 in Axes
  5580 | Lair:4   | Noticed Nessos
  5584 | Lair:4   | Noticed Rupert
  5658 | Lair:4   | Found a runed translucent door.
  5658 | Lair:4   | Found a viscous altar of Jiyva.
  5659 | Lair:4   | Found a staircase to the Slime Pits.
  5659 | Lair:4   | Noticed an acid blob
  5685 | Lair:5   | Entered Level 5 of the Lair of Beasts
  5728 | Lair:5   | Reached skill level 18 in Axes
  5864 | Lair:5   | Noticed a boulder beetle
  5865 | Lair:5   | Noticed a catoblepas
  5882 | Lair:5   | Killed a catoblepas
  5883 | Lair:5   | Reached skill level 19 in Axes
  5908 | Lair:5   | Noticed a death yak
  5925 | Lair:5   | Killed a death yak
  6015 | Lair:5   | Reached skill level 20 in Axes
  6017 | Lair:5   | Reached XP level 14. HP: 113/121 MP: 21/21
  6255 | Lair:5   | Found a large runed translucent door.
  6255 | Lair:5   | Found a large runed translucent door.
  6269 | Lair:5   | Reached skill level 21 in Axes
  6324 | Lair:5   | HP: 6/121 [lindwurm (1)]
  6324 | Lair:5   | Slain by a lindwurm

Illustrated notes

Levels and vault maps discovered:
D:1:      shiori_angband_town, layout_rooms
D:2:      layout_basic, ebering_ecumenical_altar_abandoned, serial_undead,
          serial_undead_c, serial_undead_f, serial_undead_c, serial_undead_e,
          minmay_heptomino_d4
D:3:      layout_loops_ring, gup_sewer_entry_spiral, serial_aquarium,
          aquarium_bridge_long_joined [aquarium_subvault_balcony,
          aquarium_subvault_window, aquarium_subvault_wall,
          aquarium_subvault_wall, aquarium_subvault_bridge,
          aquarium_subvault_bridge], aquarium_bridge_square
          [aquarium_subvault_wall, aquarium_subvault_bridge,
          aquarium_subvault_wall, aquarium_subvault_bridge],
          aquarium_window_double, aquarium_window_1, aquarium_window_1,
          aquarium_view_4, aquarium_view_2d, amcnicky_mini_corridor_feature
D:4:      layout_rooms, minmay_temple_entry_mini_moons, hangedman_decor_growths,
          chequers_jeans, reono_crystal_passage, uniq_grinder
D:5:      layout_cave_pools, minmay_divided_ellipse
D:6:      layout_basic, uniq_maggie
D:7:      layout_cave_pools, nicolae_qazlal_eye_of_the_storm,
          dreamdust_gnoll_shepherd, uniq_prince_ribbit1
D:8:      layout_loops_ring, mainiacjoe_overflow_paths, dpeg_oklobed_lair
Temple:   bh_familiar_temple
Lair:1:   layout_cave_pods, serial_bayou_shore_b, serial_bayou_shore_a,
          lemuel_fruit_fields, lemuel_fruit_tree
Lair:2:   layout_roguey, guppyfry_snake_entry_island, minmay_stone_trees_small,
          wad_woods_01
Lair:3:   layout_chaotic_city, minmay_shoals_entry_lonely_mermaid,
          chequers_serial_rivers_micro_c, uniq_gastronok
Lair:4:   layout_long_grid, slime_entry_2, uniq_rupert, uniq_nessos
Lair:5:   cheibrodos_lair_end_hotspot, layout_cave_shapes,
          grunt_forest_large_clearing_hut, infiniplex_staircase_pool

Skill      XL: |  1  2  3  4  5  6  7  8  9 10 11 12 13 14 |
---------------+-------------------------------------------+-----
Axes           | 4 5 6 7 9 10 12 14 16 20 21 | 21.0
Armour         | 1 2 3 4 5 6 8 9 10 | 10.0
Fighting       | 3 4 5 6 7 9 10 | 10.0
Shields        | 2 4 5 |  5.0
Invocations    | 4 6 8 |  8.0
Throwing       | |  2.4
Dodging        | |  3.6

Action                   |  1- 3 |  4- 6 |  7- 9 | 10-12 | 13-15 || total
-------------------------+-------+-------+-------+-------+-------++-------
Melee: War axe           |    11 |       |   238 |     2 |   142 ||   393
       Short sword       |    73 |   177 |    62 |       |       ||   312
       Punch             |     2 |     1 |       |       |       ||     3
       Broad axe         |       |       |       |   402 |   198 ||   600
Throw: Throwing net      |     2 |     2 |       |       |       ||     4
       Dart              |       |     1 |     1 |       |       ||     2
       Boomerang         |       |       |     1 |       |    13 ||    14
Invok: Upheaval          |       |       |       |     4 |     5 ||     9
Evoke: Wand              |       |     1 |     7 |       |     3 ||    11
  Use: Scroll            |       |     7 |     5 |     7 |     3 ||    22
       Potion            |       |     9 |     2 |       |     1 ||    12
 Stab: Held in net/web   |     1 |       |       |       |       ||     1
       Invisible         |       |       |     2 |       |       ||     2
       Petrified         |       |       |       |       |     1 ||     1
Armor: Leather armour    |    16 |       |       |       |       ||    16
       Chain mail        |    14 |    90 |   172 |       |       ||   276
       Plate armour      |       |       |       |   149 |   120 ||   269
       Steam dragon scal |       |       |       |    14 |       ||    14
Dodge: Dodged            |    39 |    40 |   101 |   152 |    96 ||   428
       Repelled          |       |       |       |       |     1 ||     1
Block: Buckler           |       |       |    67 |   124 |   112 ||   303

Table legend: (Time is in decaauts)
 A = Elapsed time spent in this place.
 B = Non-inter-level travel time spent in this place.
 C = Inter-level travel time spent in this place.
 D = Time resting spent in this place.
 E = Time spent auto-exploring this place.
 F = Levels seen in this place.
 G = Mean time per level.
                   A        B        C        D        E       F      G
               +--------+--------+--------+--------+--------+-----+--------+
         Total |   6324 |   6087 |    237 |      0 |     46 |  15 |  421.6 |
       Dungeon |   3673 |   3492 |    181 |      0 |      0 |   8 |  459.1 |
        Temple |    182 |    163 |     19 |      0 |     46 |   1 |  182.0 |
          Lair |   2088 |   2051 |     37 |      0 |      0 |   5 |  417.6 |
         Sewer |    380 |    380 |      0 |      0 |      0 |   1 |  380.0 |
               +--------+--------+--------+--------+--------+-----+--------+

Top non-repeatable levels by time:
  Lair:5: 569 daAuts
     D:6: 537 daAuts
     D:2: 529 daAuts
     D:8: 528 daAuts
     D:5: 500 daAuts
     D:3: 483 daAuts
  Lair:2: 478 daAuts
  Lair:3: 458 daAuts
     D:4: 393 daAuts
     D:7: 389 daAuts
   Sewer: 380 daAuts
  Lair:1: 369 daAuts
     D:1: 311 daAuts
  Lair:4: 212 daAuts
  Temple: 182 daAuts
